 Dungeon Crawl Stone Soup version 0.32-a0-928-g1cae6b7ea0 (webtiles) character file.

Game seed: 16124189104664311675

126 Alarak the Slasher (level 5, -10/38 HPs)
             Began as a Coglin Gladiator on Apr 12, 2024.
             Mangled by Crazy Yiuf
             ... wielding a +4 quarterstaff of chaos
              (12 damage)
             ... on level 2 of the Dungeon.
             The game lasted 00:02:08 (1680 turns).

Alarak the Slasher (Coglin Gladiator)               Turns: 1680, Time: 00:02:10

Health: -10/38     AC:  6    Str: 14    XL:     5   Next: 10%
Magic:  5/5        EV: 10    Int:  8    God:
Gold:   121        SH:  0    Dex: 17    Spells: 4/4 levels left

rFire   . . .        a - +0 long sword {Agam}
rCold   . . .        f - +0 dagger {Xiloxoch}
rNeg    . . .        o - +0 ring mail
rPois   .            c - +0 helmet
rElec   .            (no cloak)
rCorr   .            (no gloves)
SInv    .            (no boots)
Will    .....        (amulet unavailable)
Stlth   +            (ring unavailable)
HPRegen 0.26/turn    (ring unavailable)
MPRegen 0.09/turn    (no gizmo)

%: no passive effects
@: lethally poisoned (-10 -> -30), revving
A: off-hand wielding, slow wielding, warmup strikes, no jewellery
a: Invent Gizmo


You were on level 2 of the Dungeon.
You visited 1 branch of the dungeon, and saw 2 of its levels.

You collected 121 gold pieces.

Inventory:

Hand Weapons
 a - a +0 long sword (weapon) {Agam}
 f - a +0 dagger (offhand) {Xiloxoch}
Missiles
 d - 4 throwing nets (quivered)
 e - a javelin
Armour
 c - a +0 helmet (worn)
 o - a +0 ring mail (worn)
Scrolls
 b - a scroll of immolation {unknown}
 g - a scroll of torment {unknown}
 h - a scroll of vulnerability {unknown}
 i - 2 scrolls of enchant weapon {unknown}
 m - a scroll of revelation {unknown}
 n - a scroll of silence {unknown}
 p - a scroll of teleportation {unknown}
Potions
 j - 2 potions of magic {unknown}
 k - a potion of heal wounds {unknown}
 l - a potion of attraction {unknown}


   Skills:
 - Level 2.0 Fighting
 + Level 5.6 Long Blades
 - Level 1.7 Throwing
 - Level 2.6 Dodging


You had 4 spell levels left.
You didn't know any spells.
Your spell library contained the following spells:

 Spells                   Type           Power      Damage    Failure   Level
 Kiss of Death            Conj/Necr      0%         2d5       65%         1
 Shock                    Conj/Air       0%         1d3       65%         1
 Confusing Touch          Hex            0%         N/A       95%         3
 Swiftness                Air            0%         N/A       95%         3
 Airstrike                Air            0%         2d(0-16)  100%        4
 Dispel Undead            Necr           0%         3d6       100%        4


Dungeon Overview and Level Annotations

Branches:
Dungeon (2/15)

Altars:

Shops:
D:1 !(

Annotations:
D:2 Crazy Yiuf


Innate Abilities, Weirdness & Mutations

You can wield a second weapon in your off-hand.
It takes a long time for you to wield or remove held weapons.
Your first few attacks do less damage.
You cannot equip rings or amulets.


Message History

Found a stone staircase leading up.
There is a stone staircase leading up here.
There is a large open door here.
There is a large open door here.
Crazy Yiuf shouts!
No reachable target in view!
No reachable target in view!
No reachable target in view!
No reachable target in view!
No reachable target in view!
No reachable target in view!
No reachable target in view!
No reachable target in view!
No reachable target in view!
No reachable target in view!
As you open the door, it creaks loudly!
Crazy Yiuf grits, "Hah seventy Orb Guardian!"
Crazy Yiuf barely misses you.
There is an open translucent door here.
You hit Crazy Yiuf but do no damage.
You hit Crazy Yiuf with your +0 long sword.
Crazy Yiuf closely misses you.
You barely miss Crazy Yiuf with your +0 dagger.
Crazy Yiuf is lightly wounded.
You hit Crazy Yiuf with your +0 long sword.
Crazy Yiuf hits you with a +4 quarterstaff of chaos.
You fall asleep.
Crazy Yiuf laughs, "Snurf poople head!"
Crazy Yiuf hits you with a +4 quarterstaff of chaos!!
You wake up.
Ouch! That really hurt!
* * * LOW HITPOINT WARNING * * *
You are lethally poisoned!
You hit Crazy Yiuf with your +0 long sword.
Crazy Yiuf is moderately wounded.
You hit Crazy Yiuf but do no damage.
* * * LOW HITPOINT WARNING * * *
You feel very sick.
Crazy Yiuf hits you with a +4 quarterstaff of chaos!
You die...

########### #..........
########### ####♣♣ #### ##...P♣♣
♣♣#..)# ##########
#.....P♣♣♣♣.@g..# #........#
#....P..♣..♣#..÷# #........#
#>.....♣.♣♣♣ #### ##........#
#..##♣♣♣♣♣ #.........# #..#
#.......### ###
##.################.......#
..####.#.^....................#
...........................####
..####.........###.........######


You could see Crazy Yiuf.

Vanquished Creatures
  A phantom (D:2)
  2 adders (D:2)
  2 endoplasms (D:2)
  2 giant cockroaches
  2 goblins
  6 hobgoblins
  4 quokkas
  3 ball pythons (D:1)
  4 bats
  2 frilled lizards
  4 kobolds
  3 rats (D:1)
35 creatures vanquished.

Notes
Turn   | Place    | Note
-------+----------+-------------------------------------------
     0 | D:1      | Alarak the Coglin Gladiator began the quest for the Orb.
     0 | D:1      | Reached XP level 1. HP: 16/16 MP: 1/1
     8 | D:1      | Found Todwamagh's Antique Weapon Shop.
   169 | D:1      | Reached XP level 2. HP: 18/22 MP: 2/2
   452 | D:1      | Found Pommicse's Distillery.
   928 | D:2      | Reached skill level 4 in Long Blades
   955 | D:2      | Reached XP level 3. HP: 26/27 MP: 3/3
  1034 | D:2      | Noticed a phantom
  1051 | D:2      | Killed a phantom
  1052 | D:2      | Reached skill level 5 in Long Blades
  1052 | D:2      | Reached XP level 4. HP: 8/33 MP: 4/4
  1257 | D:2      | Found a runed translucent door.
  1258 | D:2      | Noticed Crazy Yiuf
  1316 | D:2      | Reached XP level 5. HP: 37/38 MP: 5/5
  1334 | D:2      | Found a faded altar of an unknown god.
  1680 | D:2      | Mangled by Crazy Yiuf

Illustrated notes

Levels and vault maps discovered:
D:1:      reono_arrival_mine, layout_basic, serial_shops,
          nicolae_shop_hallway_stairs, nicolae_diamond_shop, minmay_tromino_v2
D:2:      layout_basic, shapermc_ecumenical_altar_flowoftime,
          kennysheep_generic_room_12, uniq_crazy_yiuf_cottage

Skill      XL: |  1  2  3 |
---------------+----------+-----
Long Blades    | 4 5 |  5.6
Fighting       | |  2.0
Throwing       | |  1.7
Dodging        | |  2.6

Action                     |  1- 3 |  4- 6 || total
---------------------------+-------+-------++-------
  Melee: Dagger            |    52 |    21 ||    73
         Long sword        |    57 |    21 ||    78
   Stab: Sleeping          |     2 |       ||     2
 Armour: Leather armour    |    21 |       ||    21
         Ring mail         |    12 |    18 ||    30
         Skin              |     1 |       ||     1
  Dodge: Dodged            |    36 |    14 ||    50

Table legend: (Time is in decaauts)
 A = Elapsed time spent in this place.
 B = Non-inter-level travel time spent in this place.
 C = Inter-level travel time spent in this place.
 D = Time resting spent in this place.
 E = Time spent auto-exploring this place.
 F = Levels seen in this place.
 G = Mean time per level.
                   A        B        C        D        E       F      G
               +--------+--------+--------+--------+--------+-----+--------+
         Total |   1683 |   1654 |     29 |    111 |   1324 |   2 |  841.5 |
       Dungeon |   1683 |   1654 |     29 |    111 |   1324 |   2 |  841.5 |
               +--------+--------+--------+--------+--------+-----+--------+

Top non-repeatable levels by time:
     D:2: 864 daAuts
     D:1: 818 daAuts
